 Dungeon Crawl Stone Soup version 0.31-a0-200-gbc41564c69 (webtiles) character file.

Game seed: 13047264724421592058

38028 qw the Crack Shot (level 13, -1/78 HPs)
             Began as a Deep Elf Hunter on June 25, 2023.
             Was a High Priest of Okawaru.
             Slain by a death yak (2 damage)
             ... on level 4 of the Lair of Beasts.
             The game lasted 00:05:24 (13094 turns).

qw the Crack Shot (Deep Elf Hunter)                Turns: 13094, Time: 00:05:24

Health: -1/78      AC: 15    Str: 18    XL:     13   Next: 61%
Magic:  18/22      EV: 24    Int: 14    God:    Okawaru [*****.]
Gold:   947        SH:  0    Dex: 20    Spells: 12/12 levels left

rFire   . . .        s - +2 triple crossbow (flame)
rCold   . . .        (shield currently unavailable)
rNeg    + . .        a - +2 leather armour {Will+}
rPois   .            t - +2 hat {Int+3}
rElec   .            g - +1 cloak {Will+}
rCorr   .            d - +2 pair of gloves
SInv    .            q - +1 pair of boots
Will    ++++.        k - amulet of faith
Stlth   +++          c - ring "Ogaeq" {rN+ Will+ Int-5 Dex+2}
HPRegen 0.33/turn    l - +6 ring of strength
MPRegen 0.18/turn

%: faith
@: about to teleport, heroic, finesse-ful
A: no striking features
a: Renounce Religion, Heroism, Finesse, Duel


You were on level 4 of the Lair of Beasts.
You worshipped Okawaru.
Okawaru was extremely pleased with you.
You visited 3 branches of the dungeon, and saw 17 of its levels.

You collected 947 gold pieces.


   Skills:
 - Level 7.9(12.9) Fighting
 - Level 22.0(27) Ranged Weapons
 + Level 2.2(7.2) Armour
 - Level 12.1(17.1) Dodging
 - Level 1.2(6.2) Stealth
 - Level 10.0 Invocations


You had 12 spell levels left.
You didn't know any spells.
Your spell library was empty.

Inventory:

Hand Weapons
 s - a +2 triple crossbow of flaming (weapon)
Armour
 a - a +2 leather armour of willpower (worn)
 b - a +0 ring mail
 d - a +2 pair of gloves (worn)
 g - a +1 cloak of willpower (worn)
 q - a +1 pair of boots (worn)
 t - a +2 hat of intelligence (worn)
Jewellery
 c - the ring "Ogaeq" (left hand) {rN+ Will+ Int-5 Dex+2}
   (You acquired it on level 2 of the Dungeon)

   [ring of willpower]

   Int:       It affects your intelligence (-5).
   Dex:       It affects your dexterity (+2).
   rN:        It protects you from negative energy.
   Will:      It increases your willpower.
 f - a ring of fire
 k - an amulet of faith (around neck)
 l - a +6 ring of strength (right hand)
Scrolls
 n - a scroll of identify
Potions
 e - 10 potions of curing
 h - 2 potions of resistance
 i - a potion of degeneration {unknown}
 m - a potion of mutation {unknown}
 o - a potion of haste {unknown}
 p - a potion of might {unknown}
 r - a potion of enlightenment {unknown}

Dungeon Overview and Level Annotations

Branches:
Dungeon (11/15)            Temple (1/1) D:4            Lair (5/5) D:11
  Swamp (0/4) Lair:3       Spider (0/4) Lair:3          Orc (0/2) D:10
  Slime: Lair:4-5

Altars:
Ashenzari
Cheibriados
Dithmenos
Elyvilon
Fedhas
Gozag
Kikubaaqudgha
Makhleb
Nemelex Xobeh
Okawaru
Qazlal
Ru
Sif Muna
Trog
Uskayaw
Vehumet
Wu Jian
Xom
Yredelemnul
The Shining One

Shops:
D:11 *

Annotations:
D:3 3 runed translucent doors, qw's ghost, weakling DEHu
D:4 2 transporters
D:6 2 runed translucent doors
D:8 exclusion: orc wizard
D:9 2 transporters
Lair:3 exclusion: killer bee


Message History

The yak gores you.
The death yak gores you but does no damage.
The death yak closely misses you. The death yak gores you.
The water moccasin closely misses you.
Your base Ranged Weapons skill increases to level 22!
13088 ||| STAIRDANCE The blink frog blinks!
The water moccasin completely misses you.
The blink frog barely misses you. The yak misses you.
The death yak barely misses you. The death yak gores you!
The death yak gores you but does no damage.
You climb upwards.
There is a stone staircase leading down here.
Enter note: You shoot a bolt.
The bolt hits the death yak.
The bolt burns the death yak.
The death yak is lightly wounded.
The water moccasin barely misses you.
The blink frog blinks!
You shoot a bolt.
The bolt hits the death yak but does no damage.
The death yak is lightly wounded.
The death yak misses you. The death yak gores you!
The death yak gores you but does no damage.
The yak gores you but does no damage. The water moccasin misses you.
13092 ||| READING scroll of teleportation.
As you read the scroll of teleportation, it crumbles to dust.
You feel strangely unstable.
The blink frog blinks!
The water moccasin completely misses you.
The death yak gores you but does no damage.
The yak misses you.
The death yak gores you but does no damage.
The death yak gores you!
You shoot a bolt. The bolt hits the death yak!!!
The bolt burns the death yak!
The death yak is almost dead.
The water moccasin barely misses you.
You shoot a bolt.
The bolt hits the death yak but does no damage.
The death yak is almost dead.
The death yak gores you.
You die...

.....................##...#P...##
###..#.P##...........#...###.###
##..#P...................##.#
#....P..................#.###
#####.....P.....#...F.#......#
####.....PP...#...%%..##....##
.......P.P.#.........ยค......#
.~P.......##....YS......#.###
.~.~......>....Y@Y[.....###
~~~~~~~...#....P.Y..P...###
~~~~~~~....#.....P#.......##
~~~~~~~~..##...#.##........#
~~~.~~~~.......#..........##
~~.>.~~~~...........####..#
~~..~%~~~#...........# ##.#
~~~~~~~~~.......#....## #.##
~~~~~~~...............# #..#


You could see 3 death yaks, a yak, a blink frog and a water moccasin.

Vanquished Creatures
  Gastronok (D:10)
  A hydra (Lair:5)
  Erica (Lair:2)
  A boulder beetle (Lair:3)
  A two-headed ogre (D:9)
  A tengu warrior (D:11)
  13 death yaks
  A skyshark (Lair:4)
  18 elephants
  3 black mambas
  4 cane toads
  A rime drake (Lair:2)
  4 komodo dragons
  A meliai (Lair:3)
  A troll (D:11)
  21 blink frogs
  5 dream sheep (Lair:4)
  A shadow (D:11)
  6 wyverns
  23 yaks
  A wraith (D:6)
  A basilisk (Lair:1)
  A steam dragon (D:9)
  A warg (Lair:3)
  15 water moccasins
  3 orc warriors
  A sky beast (D:8)
  An ice beast (D:8)
  2 ogres
  5 wolves (Lair:3)
  5 centaurs
  5 kobold brigands
  Blork the orc (D:6)
  10 bullfrogs
  2 scorpions
  26 killer bees
  5 howler monkeys
  A jelly (D:6)
  4 hounds
  6 orc priests
  Natasha (thrice) (D:2)
  4 iguanas
  9 orc wizards
  A hell rat (D:11)
  3 gnolls (D:4)
  A river rat (D:11)
  10 adders
  A shadow imp (D:5)
  3 white imps
  An ufetubus (D:6)
  4 worms
  A dart slug (D:4)
  43 orcs
  9 endoplasms
  3 giant cockroaches
  9 goblins
  5 hobgoblins
  29 kobolds
  2 quokkas (D:11)
  9 ball pythons
  3 bats
  5 frilled lizards
  12 rats
374 creatures vanquished.

Notes
Turn   | Place    | Note
-------+----------+-------------------------------------------
     0 | D:1      | qw the Deep Elf Hunter began the quest for the Orb.
     0 | D:1      | Reached XP level 1. HP: 12/12 MP: 3/3
     0 | D:1      | 0 ||| qw: Version: 0.3-a-22-g0ed2b0b
     0 | D:1      | 0 ||| qw: Game counter: 5539
     0 | D:1      | 0 ||| qw: Melee chars always use a shield: true
     0 | D:1      | 0 ||| qw: God list: Okawaru
     0 | D:1      | 0 ||| qw: Allow faded altars: false
     0 | D:1      | 0 ||| qw: Do Orc after clearing Dungeon:15 true
     0 | D:1      | 0 ||| qw: Do second Lair branch before Depths: true
     0 | D:1      | 0 ||| qw: Lair rune preference: random
     0 | D:1      | 0 ||| qw: Goals: Normal
     0 | D:1      | 0 ||| PLANNING D:1-11
   126 | D:1      | Reached XP level 2. HP: 15/16 MP: 4/4
   127 | D:1      | Reached skill level 6 in Ranged Weapons
   370 | D:1      | 370 ||| SWAPPING to +1 hand crossbow of freezing.
   371 | D:1      | 371 ||| DROPPING +0 shortbow.
   783 | D:1      | 783 ||| UPGRADING to +2 leather armour of willpower.
   793 | D:1      | 793 ||| DROPPING +0 leather armour.
   794 | D:1      | 794 ||| UPGRADING to +0 helmet.
   799 | D:1      | 799 ||| READING 3 scrolls labelled AVOADD ROTS.
   804 | D:1      | 804 ||| READING scroll labelled FAEK SYCVIULL.
   805 | D:1      | 805 ||| READING scroll labelled FIUCRAA ZULEGA.
   806 | D:1      | 806 ||| READING scroll labelled OLUMIAGH YZEMN.
   807 | D:1      | 807 ||| READING scroll labelled QIREEHEXIH.
   808 | D:1      | 808 ||| DROPPING scroll of butterflies.
   844 | D:2      | Reached XP level 3. HP: 20/20 MP: 5/5
   923 | D:2      | Noticed Natasha
   924 | D:2      | Killed Natasha
   925 | D:2      | Reached skill level 7 in Ranged Weapons
  1016 | D:2      | Reached XP level 4. HP: 25/25 MP: 6/6
  1045 | D:2      | Noticed Natasha
  1047 | D:2      | Killed Natasha
  1133 | D:2      | Noticed Natasha
  1134 | D:2      | Killed Natasha
  1135 | D:2      | Reached skill level 8 in Ranged Weapons
  1313 | D:2      | 1313 ||| UPGRADING to +1 pair of gloves.
  1318 | D:2      | 1318 ||| READING scroll labelled CUBORI HOEB.
  1319 | D:2      | 1319 ||| READING 2 scrolls labelled SEBIGIRROI.
  1320 | D:2      | 1320 ||| READING scroll labelled OJAVEXAC KYOL.
  1320 | D:2      | Identified a scroll of acquirement
  1320 | D:2      | 1320 ||| ACQUIRING ring "Ogaeq" {rN+ Will+ Int-5 Dex+2}
  1320 | D:2      | Acquired the ring "Ogaeq" {rN+ Will+ Int-5 Dex+2}
  1322 | D:2      | 1322 ||| UPGRADING to ring "Ogaeq" {rN+ Will+ Int-5 Dex+2}.
  1323 | D:2      | 1323 ||| READING scroll labelled RIMIQO JILOCE.
  1324 | D:2      | 1324 ||| DRINKING 3 puce potions.
  1325 | D:2      | 1325 ||| DROPPING scroll of fog.
  1398 | D:3      | Reached XP level 5. HP: 29/29 MP: 7/7
  1440 | D:3      | Found a faded altar of an unknown god.
  1841 | D:3      | Reached skill level 3 in Dodging
  1877 | D:3      | Found a runed translucent gate.
  1877 | D:3      | Found a runed translucent gate.
  1879 | D:3      | Found a runed translucent gate.
  1882 | D:3      | Noticed qw's ghost (weakling DEHu)
  2012 | D:3      | 2012 ||| UPGRADING to +0 pair of boots.
  2017 | D:3      | 2017 ||| READING 2 scrolls labelled FIHYIT SACHUN.
  2018 | D:3      | 2018 ||| READING scroll of brand weapon.
  2018 | D:3      | 2018 ||| BRANDING +2 hand crossbow of draining.
  2019 | D:3      | 2019 ||| READING scroll labelled DAPSASOB ATHUWULU.
  2020 | D:3      | 2020 ||| DRINKING 2 glowing puce potions.
  2021 | D:3      | 2021 ||| DRINKING 3 fizzy golden potions.
  2053 | D:3      | 2053 ||| DROPPING 2 potions of lignification.
  2110 | D:4      | Found a transporter.
  2110 | D:4      | Noticed a centaur
  2112 | D:4      | Noticed an orc warrior
  2113 | D:4      | Found an opulent altar of Gozag.
  2114 | D:4      | Found a transporter.
  2193 | D:4      | Found a staircase to the Ecumenical Temple.
  2194 | D:4      | 2194 ||| PLANNING TEMPLE
  2202 | Temple   | Entered the Ecumenical Temple
  2203 | Temple   | 2203 ||| PLANNING OKAWARU WORSHIP
  2221 | Temple   | Became a worshipper of Warmaster Okawaru
  2222 | Temple   | 2222 ||| PLANNING D:1-11
  2257 | D:4      | Reached skill level 9 in Ranged Weapons
  2279 | D:4      | Noticed an ogre
  2283 | D:4      | Killed an ogre
  2284 | D:4      | Reached XP level 6. HP: 36/36 MP: 8/8
  2364 | D:4      | Reached * piety under Okawaru
  2590 | D:4      | Found a hide-covered altar of Uskayaw.
  2610 | D:4      | 2610 ||| READING 2 scrolls labelled ASABOZOACH.
  2711 | D:4      | 2711 ||| DROPPING scroll of silence.
  2729 | D:5      | Entered Level 5 of the Dungeon
  2735 | D:5      | Reached skill level 1 in Invocations
  2755 | D:5      | 2755 ||| INVOKING Heroism.
  2758 | D:5      | Reached skill level 10 in Ranged Weapons
  2758 | D:5      | Reached XP level 7. HP: 40/40 MP: 6/9
  3140 | D:5      | 3140 ||| UPGRADING to +1 pair of boots.
  3150 | D:5      | 3150 ||| DROPPING +0 pair of boots.
  3151 | D:5      | 3151 ||| READING scroll labelled INALLUI MUSSA.
  3152 | D:5      | 3152 ||| DRINKING 2 brown potions.
  3153 | D:5      | 3153 ||| DROPPING potion of attraction.
  3161 | D:6      | Reached skill level 3 in Invocations
  3165 | D:6      | 3165 ||| READING 3 scrolls of brand weapon.
  3165 | D:6      | 3165 ||| BRANDING +2 hand crossbow of electrocution.
  3268 | D:6      | Noticed Blork the orc
  3269 | D:6      | 3269 ||| INVOKING Heroism.
  3271 | D:6      | Killed Blork the orc
  3271 | D:6      | Reached ** piety under Okawaru
  3304 | D:6      | 3304 ||| READING 3 scrolls of enchant weapon.
  3304 | D:6      | 3304 ||| ENCHANTING +2 heavy hand crossbow.
  3305 | D:6      | 3305 ||| READING 2 scrolls of enchant weapon.
  3305 | D:6      | 3305 ||| ENCHANTING +3 heavy hand crossbow.
  3306 | D:6      | 3306 ||| READING scroll of enchant weapon.
  3306 | D:6      | 3306 ||| ENCHANTING +4 heavy hand crossbow.
  3380 | D:6      | Found a large runed translucent door.
  3380 | D:6      | Found a large runed translucent door.
  3393 | D:6      | 3393 ||| READING scroll of enchant armour.
  3393 | D:6      | 3393 ||| ENCHANTING +1 pair of gloves.
  3406 | D:6      | Reached skill level 11 in Ranged Weapons
  3406 | D:6      | Reached XP level 8. HP: 45/45 MP: 11/13
  3406 | D:6      | 3406 ||| INVOKING Heroism.
  3437 | D:6      | Found an ancient bone altar of Kikubaaqudgha.
  3485 | D:6      | Reached skill level 1 in Armour
  3518 | D:6      | Found an ornate altar of the Wu Jian Council.
  3540 | D:6      | Reached skill level 12 in Ranged Weapons
  3548 | D:6      | Found a bloodstained altar of Trog.
  4385 | D:6      | 4385 ||| Stepping randomly (stuck).
  4404 | D:7      | 4404 ||| STAIRDANCE
  4470 | D:7      | 4470 ||| INVOKING Heroism.
  4475 | D:7      | Reached skill level 3 in Fighting
  4527 | D:7      | 4527 ||| INVOKING Heroism.
  4599 | D:7      | Reached skill level 13 in Ranged Weapons
  4601 | D:7      | 4601 ||| INVOKING Heroism.
  4603 | D:7      | HP: 11/46 [poisoned by a killer bee]
  4604 | D:7      | 4604 ||| READING 3 scrolls of teleportation.
  4604 | D:7      | HP: 1/46 [killer bee (5)]
  4605 | D:7      | 4605 ||| DRINKING potion of heal wounds.
  4610 | D:7      | Reached XP level 9. HP: 18/50 MP: 12/14
  4613 | D:7      | Reached skill level 6 in Dodging
  4613 | D:7      | HP: 6/50 [wyvern (13)]
  4614 | D:7      | 4614 ||| READING 2 scrolls of teleportation.
  4619 | D:7      | 4619 ||| READING scroll of teleportation.
  4622 | D:7      | 4622 ||| INVOKING Heroism.
  4796 | D:7      | Reached skill level 14 in Ranged Weapons
  4816 | D:7      | 4816 ||| INVOKING Heroism.
  4839 | D:7      | 4839 ||| INVOKING Heroism.
  5125 | D:7      | 5125 ||| INVOKING Heroism.
  5217 | D:7      | 5217 ||| READING 2 scrolls labelled HOIRICS MERA.
  5218 | D:7      | 5218 ||| DROPPING scroll of poison.
  5220 | D:7      | 5220 ||| Stepping ~*~*~tactically~*~*~ (cloud).
  5484 | D:8      | Reached skill level 15 in Ranged Weapons
  5784 | D:8      | 5784 ||| READING 2 scrolls labelled FIEBYR RETWAN.
  6095 | D:8      | 6095 ||| UPGRADING to +6 ring of strength.
  6096 | D:8      | 6096 ||| DROPPING scroll of fear.
  6127 | D:8      | Reached *** piety under Okawaru
  6309 | D:9      | 6309 ||| Stepping ~*~*~tactically~*~*~ (outnumbered).
  6311 | D:9      | 6311 ||| INVOKING Heroism.
  6340 | D:9      | Found a flagged portal.
  6459 | D:9      | Noticed a freezing wraith
  6462 | D:9      | Found a transporter.
  6462 | D:9      | Noticed a deep elf pyromancer
  6468 | D:9      | Noticed a two-headed ogre
  6469 | D:9      | 6469 ||| INVOKING Heroism.
  6470 | D:9      | Killed a two-headed ogre
  6470 | D:9      | Reached **** piety under Okawaru
  6471 | D:9      | Reached skill level 16 in Ranged Weapons
  6471 | D:9      | Reached XP level 10. HP: 56/56 MP: 12/15
  6533 | D:9      | Received a gift from Okawaru
  6746 | D:9      | 6746 ||| INVOKING Heroism.
  6907 | D:9      | Found a transporter.
  7078 | D:9      | 7078 ||| DRINKING 3 purple potions.
  7079 | D:9      | 7079 ||| DRINKING 4 dark potions.
  7080 | D:9      | 7080 ||| DROPPING 3 potions of brilliance.
  7087 | D:10     | Entered Level 10 of the Dungeon
  7143 | D:10     | 7143 ||| Stepping ~*~*~tactically~*~*~ (outnumbered).
  7147 | D:10     | 7147 ||| Stepping ~*~*~tactically~*~*~ (outnumbered).
  7293 | D:10     | Noticed Gastronok
  7294 | D:10     | 7294 ||| INVOKING Heroism.
  7307 | D:10     | Killed Gastronok
  7308 | D:10     | Reached skill level 17 in Ranged Weapons
  7308 | D:10     | Reached skill level 6 in Invocations
  7403 | D:10     | 7403 ||| FLEEEEING.
  7404 | D:10     | 7404 ||| FLEEEEING.
  7500 | D:10     | 7500 ||| INVOKING Heroism.
  7574 | D:10     | Found a staircase to the Orcish Mines.
  7689 | D:10     | Reached ***** piety under Okawaru
  7715 | D:10     | Reached XP level 11. HP: 61/61 MP: 18/18
  7900 | D:10     | 7900 ||| UPGRADING to +2 hat of intelligence.
  7910 | D:10     | 7910 ||| DROPPING +0 helmet.
  7911 | D:10     | 7911 ||| UPGRADING to amulet of faith.
  7916 | D:10     | 7916 ||| READING scroll labelled VISSEANUTT.
  7917 | D:10     | 7917 ||| READING 2 scrolls of identify.
  7917 | D:10     | 7917 ||| IDENTIFYING fuming dark potion
  7918 | D:10     | 7918 ||| DROPPING potion of invisibility.
  8011 | D:11     | 8011 ||| INVOKING Heroism.
  8038 | D:11     | Found Umeotog's Island Escapes.
  8245 | D:11     | Noticed a death yak
  8246 | D:11     | 8246 ||| INVOKING Heroism.
  8247 | D:11     | 8247 ||| INVOKING Finesse.
  8247 | D:11     | Noticed a death yak
  8249 | D:11     | Noticed a death yak
  8250 | D:11     | Killed a death yak
  8256 | D:11     | Killed a death yak
  8256 | D:11     | Received a gift from Okawaru
  8257 | D:11     | Reached skill level 18 in Ranged Weapons
  8261 | D:11     | Killed a death yak
  8262 | D:11     | Reached skill level 9 in Invocations
  8296 | D:11     | 8296 ||| DROPPING +0 orcbow of freezing.
  8297 | D:11     | Found a staircase to the Lair.
  8331 | D:11     | Noticed a tengu warrior
  8335 | D:11     | Killed a tengu warrior
  8438 | D:11     | 8438 ||| INVOKING Heroism.
  8800 | D:11     | 8800 ||| PLANNING LAIR
  8821 | Lair:1   | Entered Level 1 of the Lair of Beasts
  8920 | Lair:1   | 8920 ||| INVOKING Heroism.
  8990 | Lair:1   | 8990 ||| INVOKING Heroism.
  9011 | Lair:1   | Received a gift from Okawaru
  9012 | Lair:1   | Reached skill level 9 in Dodging
  9014 | Lair:1   | 9014 ||| DROPPING +0 arbalest of draining.
  9035 | Lair:1   | 9035 ||| INVOKING Heroism.
  9890 | Lair:2   | 9890 ||| INVOKING Heroism.
 10036 | Lair:2   | Reached skill level 6 in Fighting
 10042 | Lair:2   | Reached XP level 12. HP: 70/70 MP: 21/21
 10123 | Lair:2   | Noticed Erica
 10124 | Lair:2   | 10124 ||| INVOKING Heroism.
 10125 | Lair:2   | 10125 ||| INVOKING Finesse.
 10129 | Lair:2   | Killed Erica
 10662 | Lair:3   | Found a hole to the Spider Nest.
 10663 | Lair:3   | 10663 ||| INVOKING Heroism.
 10747 | Lair:3   | Found a dark tunnel.
 10823 | Lair:3   | 10823 ||| INVOKING Heroism.
 10848 | Lair:3   | 10848 ||| Stepping ~*~*~tactically~*~*~ (outnumbered).
 10866 | Lair:3   | 10866 ||| INVOKING Heroism.
 11045 | Lair:3   | Noticed a boulder beetle
 11046 | Lair:3   | 11046 ||| INVOKING Heroism.
 11050 | Lair:3   | 11050 ||| INVOKING Finesse.
 11060 | Lair:3   | Killed a boulder beetle
 11101 | Lair:3   | Found a staircase to the Swamp.
 11106 | Lair:3   | Received a gift from Okawaru
 11107 | Lair:3   | Reached skill level 12 in Dodging
 11109 | Lair:3   | 11109 ||| INVOKING Heroism.
 11116 | Lair:3   | HP: 14/72 [blink frog (6)]
 11117 | Lair:3   | 11117 ||| READING 3 scrolls of teleportation.
 11118 | Lair:3   | 11118 ||| DRINKING potion of heal wounds.
 11143 | Lair:3   | 11143 ||| INVOKING Heroism.
 11225 | Lair:3   | 11225 ||| SWAPPING to +1 longbow of freezing.
 11226 | Lair:3   | 11226 ||| DROPPING +5 heavy hand crossbow.
 11227 | Lair:3   | 11227 ||| READING 2 scrolls of brand weapon.
 11227 | Lair:3   | 11227 ||| BRANDING +1 longbow of freezing.
 11228 | Lair:3   | 11228 ||| READING scroll of brand weapon.
 11228 | Lair:3   | 11228 ||| BRANDING +1 longbow of flaming.
 11333 | Lair:3   | 11333 ||| READING scroll of acquirement.
 11333 | Lair:3   | 11333 ||| ACQUIRING +1 cloak of willpower
 11333 | Lair:3   | Acquired a +1 cloak of willpower
 11335 | Lair:3   | 11335 ||| UPGRADING to +1 cloak of willpower.
 11614 | Lair:3   | 11614 ||| READING scroll labelled KONTE GARIUGH.
 11748 | Lair:4   | Noticed a death yak
 11749 | Lair:4   | 11749 ||| INVOKING Heroism.
 11750 | Lair:4   | 11750 ||| INVOKING Finesse.
 11753 | Lair:4   | Killed a death yak
 11753 | Lair:4   | Noticed a death yak
 11755 | Lair:4   | Noticed a death yak
 11758 | Lair:4   | Noticed a death yak
 11765 | Lair:4   | Killed a death yak
 11775 | Lair:4   | Killed a death yak
 11776 | Lair:4   | Killed a death yak
 11802 | Lair:4   | 11802 ||| INVOKING Heroism.
 11808 | Lair:4   | Reached skill level 19 in Ranged Weapons
 11842 | Lair:4   | Noticed a death yak
 11843 | Lair:4   | 11843 ||| INVOKING Heroism.
 11844 | Lair:4   | 11844 ||| INVOKING Finesse.
 11846 | Lair:4   | Noticed a death yak
 11848 | Lair:4   | Noticed a death yak
 11851 | Lair:4   | Noticed a death yak
 11860 | Lair:4   | Killed a death yak
 11865 | Lair:4   | Killed a death yak
 11871 | Lair:4   | Killed a death yak
 11872 | Lair:4   | Reached XP level 13. HP: 78/78 MP: 16/22
 11885 | Lair:4   | Received a gift from Okawaru
 11955 | Lair:4   | 11955 ||| SWAPPING to +2 triple crossbow of flaming.
 11956 | Lair:4   | 11956 ||| DROPPING +1 longbow of chaos.
 11974 | Lair:4   | Reached skill level 20 in Ranged Weapons
 11979 | Lair:4   | 11979 ||| INVOKING Heroism.
 11981 | Lair:4   | 11981 ||| STAIRDANCE
 12178 | Lair:4   | 12178 ||| INVOKING Heroism.
 12299 | Lair:4   | 12299 ||| INVOKING Heroism.
 12336 | Lair:4   | HP: 15/78 [elephant (10)]
 12337 | Lair:4   | 12337 ||| READING 2 scrolls of teleportation.
 12580 | Lair:4   | 12580 ||| INVOKING Heroism.
 12599 | Lair:4   | Reached skill level 21 in Ranged Weapons
 12776 | Lair:4   | 12776 ||| INVOKING Heroism.
 13069 | Lair:5   | Entered Level 5 of the Lair of Beasts
 13070 | Lair:5   | 13070 ||| INVOKING Heroism.
 13071 | Lair:5   | 13071 ||| INVOKING Finesse.
 13088 | Lair:5   | Reached skill level 22 in Ranged Weapons
 13088 | Lair:5   | 13088 ||| STAIRDANCE
 13091 | Lair:4   | HP: 10/78 [death yak (15)]
 13092 | Lair:4   | 13092 ||| READING scroll of teleportation.
 13092 | Lair:4   | HP: 1/78 [death yak (9)]
 13094 | Lair:4   | Slain by a death yak

Levels and vault maps discovered:
D:1:      arrival_zaba_pyramid, layout_loops_ring, nrook_uturn
D:2:      layout_basic, uniq_natasha
D:3:      layout_loops_ring, gammafunk_ghost_necromancy,
          ebering_ecumenical_altar_box
D:4:      minmay_chambers_of_fours, layout_rooms,
          gammafunk_temple_overflow_arena, minmay_temple_entry_statues_pillars,
          hangedman_decor_growths
D:5:      layout_rooms
D:6:      layout_basic, mainiacjoe_overflow_catwalk,
          mainiacjoe_overflow_cross_hatched, mainiacjoe_overflow_alcove_1,
          jmf_multi_god_temple2, uniq_blork_the_orc
D:7:      layout_rooms, serial_rivers, chequers_serial_rivers_small_a,
          chequers_serial_rivers_micro_d, chequers_serial_rivers_micro_e,
          chequers_serial_rivers_micro_b, chequers_serial_rivers_micro_a,
          grunt_ministairs_9
D:8:      layout_basic, grunt_tough_drop
D:9:      gammafunk_the_bubble [the_bubble_gammafunk_crates], layout_stronghold,
          enter_bailey_3
D:10:     layout_loops_cross, hiddenorc1_lemuel,
          hangedman_abyss_or_decor_clamps, uniq_gastronok
D:11:     layout_roguey, dpeg_lair_monsters, nicolae_island_escapes
Temple:   minmay_freezing_vapour_temple
Lair:1:   layout_concentric_octagons, lemuel_fruit_tree
Lair:2:   layout_regular_city, minivault_27, uniq_erica
Lair:3:   beast_lair_carwin_large_1, layout_gridlike, swamp_mist,
          hellmonk_spider_entry_not_the_bees, nicolae_volcano_entry_two_sided
Lair:4:   layout_misc_corridors, infiniplex_staircase_pool_2
Lair:5:   minmay_lair_end_enchanted_forest, layout_layer_cave,
          nicolae_slime_entry_slimehenge, grunt_megastairs_3

Skill      XL: |  1  2  3  4  5  6  7  8  9 10 11 12 13 |
---------------+----------------------------------------+-----
Ranged Weapons | 6 7 8 9 10 11 13 16 17 18 19 22 | 22.0
Dodging        | 3 4 5 7 8 10 12 | 12.1
Fighting       | 2 3 4 6 7 |  7.9
Invocations    | 1 4 7 10 | 10.0
Armour         | 1 2 |  2.2
Stealth        | |  1.2

Action                     |  1- 3 |  4- 6 |  7- 9 | 10-12 | 13-15 || total
---------------------------+-------+-------+-------+-------+-------++-------
   Fire: Shortbow          |    30 |       |       |       |       ||    30
         Hand crossbow     |    23 |    82 |   181 |   311 |       ||   597
         Longbow           |       |       |       |    60 |    31 ||    91
         Triple crossbow   |       |       |       |       |   109 ||   109
 Invoke: Heroism           |       |     1 |    11 |    20 |     6 ||    38
         Finesse           |       |       |       |     5 |     1 ||     6
    Use: Scroll            |     5 |     8 |    11 |     7 |     2 ||    33
         Potion            |       |     3 |     2 |     3 |       ||     8
 Armour: Leather armour    |     1 |     2 |    57 |    52 |    50 ||   162
  Dodge: Dodged            |     5 |     2 |   144 |   219 |   168 ||   538

Table legend:
 A = Non-vault XP
 B = Vault XP
 C = Vault XP percentage of total XP
 D = Non-vault monster count
 E = Vault monster count
 F = Vault count percentage of total count
                 A         B        C        D         E       F
            +---------+---------+-------+---------+---------+-------
      Total |   44808 |    9518 |  17.5 |     307 |      67 |  17.9
            +---------+---------+-------+---------+---------+-------
        D:1 |      29 |       0 |   0.0 |      19 |       0 |   0.0
        D:2 |     116 |      35 |  23.2 |      18 |       1 |   5.3
        D:3 |      32 |       0 |   0.0 |      12 |       0 |   0.0
        D:4 |     298 |     101 |  25.3 |      25 |       6 |  19.4
        D:5 |     499 |       0 |   0.0 |      18 |       0 |   0.0
        D:6 |     789 |     304 |  27.8 |      18 |       2 |  10.0
        D:7 |    1556 |      54 |   3.4 |      25 |       1 |   3.8
        D:8 |     284 |     499 |  63.7 |      10 |       5 |  33.3
        D:9 |    2279 |       8 |   0.3 |      28 |       4 |  12.5
       D:10 |    3123 |    1753 |  36.0 |      27 |      18 |  40.0
       D:11 |    1919 |    2475 |  56.3 |      13 |      11 |  45.8
     Lair:1 |    4780 |       0 |   0.0 |      23 |       0 |   0.0
     Lair:2 |    2310 |     839 |  26.6 |       9 |       1 |  10.0
     Lair:3 |    7669 |    1311 |  14.6 |      20 |      12 |  37.5
     Lair:4 |   18251 |       0 |   0.0 |      41 |       0 |   0.0
     Lair:5 |     874 |    2139 |  71.0 |       1 |       6 |  85.7
            +---------+---------+-------+---------+---------+-------
